 Dungeon Crawl Stone Soup version 0.27.1-3-gb3d3a73c9e (webtiles) character file.

Game seed: 3104609733810525220

45798 Crownlay the Severer (level 14, 0/130 HPs)
             Began as a Minotaur Fighter on Oct 10, 2021.
             Was a High Priest of Okawaru.
             Constricted to death by an anaconda (3 damage)
             ... on level 5 of the Lair of Beasts.
             The game lasted 00:39:07 (18577 turns).

Crownlay the Severer (Minotaur Fighter)            Turns: 18577, Time: 00:39:07

Health: 0/130      AC: 17    Str: 24    XL:     14   Next: 2%
Magic:  30/30      EV:  9    Int: 18    God:    Okawaru [*****.]
Gold:   1084       SH:  0    Dex: 12    Spells: 13/13 levels left

rFire    . . .     SeeInvis .   I - +10 mace "Hocronko" {vorpal, Int+4}
rCold    . . .     Faith    .   (no shield)
rNeg     . . .     Spirit   .   W - +5 scale mail of the Slug {*Slow rElec Will+++ Int+9}
rPois    .         Reflect  .   T - +0 hat of Mungic Furph {rF- Will++ Regen+ MP+9}
rElec    +         Harm     .   v - +0 cloak
rCorr    .         Rampage  .   g - +0 pair of gloves
Will     +++++                  a - +0 pair of boots
Stlth    +.........             (no amulet)
HPRegen  1.31/turn              G - ring of fire
MPRegen  0.22/turn              p - ring of protection from cold

@: heroic, constricted
A: horns 2, retaliatory headbutt
a: Renounce Religion, Heroism, Finesse


You were on level 5 of the Lair of Beasts.
You worshipped Okawaru.
Okawaru was extremely pleased with you.
You visited 3 branches of the dungeon, and saw 17 of its levels.
You also visited: Ossuary and Ice Cave.

You collected 1084 gold pieces.

Inventory:

Hand Weapons
 B - a +3 battleaxe of freezing
 I - the +10 mace "Hocronko" (weapon) {vorpal, Int+4}
   (You found it on level 9 of the Dungeon)

   It inflicts extra damage upon your enemies.
   Int:       It affects your intelligence (+4).
 N - a +1 antimagic battleaxe
Missiles
 d - 5 throwing nets (quivered)
 m - 10 curare-tipped darts
 U - 2 silver javelins
Armour
 a - a +0 pair of boots (worn)
 c - a +0 kite shield
 g - a +0 pair of gloves (worn)
 o - a +2 tower shield of cold resistance
 v - a +0 cloak (worn)
 K - a +0 kite shield of poison resistance
 T - the +0 hat of Mungic Furph (worn) {rF- Will++ Regen+ MP+9}
   (Okawaru gifted it to you on level 1 of the Lair of Beasts)

   rF:        It makes you vulnerable to fire.
   MP:        It affects your magic capacity (+9).
   Regen:     It increases your rate of health regeneration.
   Will:      It greatly increases your willpower.
 W - the +5 scale mail of the Slug (worn) {*Slow rElec Will+++ Int+9}
   (Okawaru gifted it to you on level 3 of the Lair of Beasts)

   Int:       It affects your intelligence (+9).
   rElec:     It insulates you from electricity.
   *Slow:     It may slow you when you take damage.
   Will:      It greatly increases your willpower.
Jewellery
 p - a ring of protection from cold (right hand)
 t - a ring of flight
 G - a ring of fire (left hand)
Wands
 e - a wand of digging (4)
 s - a wand of acid (10)
 F - a wand of flame (123)
 O - a wand of iceblast (30)
 P - a wand of mindburst (9)
Scrolls
 h - 9 scrolls of teleportation
 i - a scroll of torment {unknown}
 l - 3 scrolls of fog
 r - a scroll of vulnerability
 w - a scroll of enchant weapon
 x - a scroll of identify
 y - 2 scrolls of silence {unknown}
 A - 2 scrolls of immolation
 C - 2 scrolls of fear
 D - 2 scrolls of blinking
 E - a scroll of amnesia {unknown}
 L - a scroll of acquirement {unknown}
 Q - 2 scrolls of enchant armour
 S - 2 scrolls of noise
Potions
 b - 3 potions of degeneration
 f - 2 potions of attraction
 j - 5 potions of lignification
 k - 2 potions of magic {unknown}
 n - 3 potions of might
 q - a potion of cancellation {unknown}
 u - 4 potions of flight
 z - 2 potions of brilliance {unknown}
 H - 3 potions of mutation
 J - 2 potions of ambrosia {unknown}
 V - 2 potions of curing


   Skills:
 + Level 13.8(18.8) Fighting
 * Level 19.5(24.5) Axes
 - Level 3.6(8.6) Armour
 - Level 3.6(8.6) Shields
 + Level 11.6 Invocations
 + Level 4.1 Evocations


You had 13 spell levels left.
You didn't know any spells.
Your spell library contained the following spells:

 Spells                   Type           Power      Damage    Failure   Level
 Sting                    Tmut/Pois      0%         1d3       43%         1
 Blink                    Tloc           N/A        N/A       56%         2
 Poisonous Vapours        Pois/Air       0%         N/A       56%         2
 Conjure Flame            Conj/Fire      0%         6-21      80%         3
 Ignite Poison            Fire/Tmut/Pois 0%         N/A       80%         3
 Lesser Beckoning         Tloc           0%         N/A       80%         3
 Ozocubu's Armour         Ice            0%         N/A       80%         3
 Stone Arrow              Conj/Erth      0%         3d7       80%         3
 Animate Armour           Summ/Erth      0%         N/A       99%         4
 Olgreb's Toxic Radiance  Pois           0%         N/A       99%         4
 Sticky Flame             Conj/Fire      0%         2d3       99%         4
 Manifold Assault         Tloc           0%         N/A       100%        5
 Metabolic Englaciation   Hex/Ice        0%         N/A       100%        5
 Simulacrum               Ice/Necr       0%         N/A       100%        6
 Lehudib's Crystal Spear  Conj/Erth      0%         10d2      100%        8


Dungeon Overview and Level Annotations

Branches:
Dungeon (11/15)            Temple (1/1) D:4            Lair (5/6) D:9
  Swamp (0/4) Lair:4        Snake (0/4) Lair:2        Slime (0/5) Lair:5
    Orc (0/2) D:11        Ossuary (visited)           IceCv (visited)

Altars:
Dithmenos
Kikubaaqudgha
Nemelex Xobeh
Okawaru
Qazlal
Sif Muna
Zin
The Shining One
Jiyva

Annotations:
D:9 exclusion: obsidian statue
Lair:3 exclusion: oklob plant
Lair:5 1 runed translucent door


Innate Abilities, Weirdness & Mutations

You have a pair of horns on your head.
You reflexively headbutt those who attack you in melee.


Message History

You are too injured to fight recklessly!
You are too injured to fight recklessly!
You bludgeon the five-headed hydra!!
The five-headed hydra is heavily wounded.
The anaconda bites you but does no damage.
The anaconda constricts you.
The five-headed hydra closely misses you.
The five-headed hydra bites you but does no damage.
The five-headed hydra bites you!
The five-headed hydra bites you but does no damage.
The five-headed hydra bites you!
You thump the five-headed hydra!
The five-headed hydra is severely wounded.
The anaconda bites you but does no damage.
The anaconda constricts you. The anaconda bites you.
The anaconda constricts you. The five-headed hydra bites you!
* * * LOW HITPOINT WARNING * * *
The five-headed hydra bites you!
* * * LOW HITPOINT WARNING * * *
The five-headed hydra barely misses you.
The five-headed hydra bites you but does no damage. x2
You feel better.
The anaconda bites you but does no damage.
The anaconda constricts you.
* * * LOW HITPOINT WARNING * * *
The five-headed hydra closely misses you.
The five-headed hydra bites you but does no damage.
The five-headed hydra bites you!
* * * LOW HITPOINT WARNING * * *
The five-headed hydra bites you but does no damage.
The five-headed hydra bites you!
* * * LOW HITPOINT WARNING * * *
The anaconda's grasp on you weakens, but your attempt to escape fails.
The anaconda bites you but does no damage.
The anaconda constricts you.
* * * LOW HITPOINT WARNING * * *
The anaconda bites you!
* * * LOW HITPOINT WARNING * * *
The anaconda constricts you.
You die...

P.......# ........#
#.# ........# ##
#.# ## ..#######
♣.♣ ♣.♣ ♣.♣ ..# ♣.♣
♣.♣ ♣.♣ ♣.♣ ..# ♣.♣
♣.♣♣.♣♣.♣ ..# ♣.♣
♣.♣.♣.♣ ..#♣♣.♣♣
♣SD/♣ ..#♣...♣# ###
##@##
..#.....#♣♣.♣♣#...#
..#.PPP.♣♣...♣♣...♣
..÷.P≈P.......'<8>+
..#.PPP.♣♣...♣♣...♣
..#.....#♣♣.♣♣#...#
..#♣...♣# ### ##+##
..#♣♣.♣♣ ..# ♣.♣


You could see a five-headed hydra and an anaconda.

Vanquished Creatures
  Harold (D:8)
  5 hydras
  Erica (D:10)
  3 two-headed ogres
  3 death yaks (Lair:2)
  Nergalle (D:10)
  Sonja (Lair:1)
  Pikel (D:6)
  2 ugly things (IceCv)
  A manticore (D:9)
  A cyclops (D:9)
  2 ice statues (IceCv)
  4 black mambas
  10 cane toads
  A gargoyle (D:11)
  6 elephants
  Maggie (Lair:1)
  An anaconda simulacrum (IceCv)
  A kobold demonologist (D:10)
  Psyche (D:10)
  6 komodo dragons
  4 rime drakes
  3 polar bears
  2 trolls (D:11)
  A hornet (D:11)
  Prince Ribbit (D:7)
  10 blink frogs
  A dream sheep (Lair:2)
  6 wyverns
  52 yaks
  4 wraiths
  2 steam dragons (D:7)
  2 basilisks
  Grum (D:10)
  4 vampire mosquitoes (D:10)
  A death yak simulacrum (IceCv)
  5 nagas (Lair:2)
  12 water moccasins
  Duvessa (D:5)
  2 orc warriors (D:8)
  An ice beast (D:7)
  A black bear (D:5)
  A hornet zombie (D:7)
  2 necrophages
  2 ogres (D:5)
  40 wolves
  3 centaurs
  2 lemures (D:6)
  3 phantoms
  4 kobold brigands
  12 bullfrogs
  A wyvern zombie (D:6)
  2 scorpions (D:4)
  A gnoll sergeant (D:9)
  Dowan (D:5)
  A killer bee (D:9)
  4 howler monkeys
  A vampire bat (D:4)
  5 wights
  5 centaur zombies
  A hound (D:6)
  A gnoll shaman (D:4)
  6 orc priests
  A centaur skeleton (D:6)
  4 orc wizards
  2 polar bear simulacra (IceCv)
  A killer bee zombie (D:9)
  18 gnolls
  2 howler monkey zombies
  2 adders
  A howler monkey skeleton (D:4)
  2 ufetubi
  An adder zombie (Ossuary)
  An adder skeleton (D:4)
  3 worms (D:2)
  5 dart slugs
  3 fire bats (D:4)
  30 orcs
  2 spectral bats (D:4)
  14 bats
  3 bat skeletons (D:4)
  A bat zombie (D:4)
  3 endoplasms
  5 giant cockroaches
  4 goblins
  3 hobgoblins
  2 jackals (D:3)
  9 kobolds
  4 quokkas
  3 ball pythons
  3 ball python skeletons (Ossuary)
  A bat simulacrum (D:4)
  6 frilled lizards
  A hobgoblin skeleton (Ossuary)
  2 kobold zombies (Ossuary)
  An orc skeleton (Ossuary)
  An orc zombie (Ossuary)
  8 rats
419 creatures vanquished.

Vanquished Creatures (others)
  A hound skeleton (D:5)
  22 fungi
  30 plants
53 creatures vanquished.

Grand Total: 472 creatures vanquished

Notes
Turn   | Place    | Note
-------+----------+-------------------------------------------
     0 | D:1      | Crownlay the Minotaur Fighter began the quest for the Orb.
     0 | D:1      | Reached XP level 1. HP: 19/19 MP: 0/0
   233 | D:1      | Reached skill level 3 in Axes
   356 | D:1      | Reached XP level 2. HP: 24/26 MP: 1/1
   465 | D:1      | You fall into a shaft and drop 1 floor!
   639 | D:2      | Reached skill level 4 in Axes
   798 | D:1      | Reached XP level 3. HP: 31/31 MP: 2/2
  1836 | D:3      | Reached skill level 5 in Axes
  2075 | D:3      | Reached XP level 4. HP: 30/39 MP: 3/3
  2564 | D:3      | Reached skill level 6 in Axes
  3172 | D:4      | Reached XP level 5. HP: 33/45 MP: 4/4
  3391 | D:4      | Reached skill level 7 in Axes
  3450 | D:4      | Reached XP level 6. HP: 51/51 MP: 5/5
  3534 | D:4      | Reached skill level 8 in Axes
  3734 | D:4      | Reached skill level 9 in Axes
  3746 | D:4      | Found a staircase to the Ecumenical Temple.
  3756 | D:4      | Reached XP level 7. HP: 57/57 MP: 6/6
  3761 | Temple   | Entered the Ecumenical Temple
  3769 | Temple   | Became a worshipper of Warmaster Okawaru
  3918 | D:5      | Entered Level 5 of the Dungeon
  4121 | D:5      | Identified the +6 ring mail "Fyumnan" {MP+9 Str+3 Dex+2}
  4245 | D:5      | Noticed Duvessa
  4245 | D:5      | Noticed Dowan
  4257 | D:5      | Killed Dowan
  4258 | D:5      | Reached skill level 10 in Axes
  4262 | D:5      | Killed Duvessa
  4693 | D:5      | Reached skill level 11 in Axes
  4693 | D:5      | Reached * piety under Okawaru
  4726 | D:5      | Reached XP level 8. HP: 51/64 MP: 7/7
  5582 | D:6      | Reached skill level 12 in Axes
  6144 | D:6      | Noticed Pikel
  6164 | D:6      | Killed Pikel
  6164 | D:6      | Reached ** piety under Okawaru
  6165 | D:6      | Reached skill level 13 in Axes
  6165 | D:6      | Reached XP level 9. HP: 38/70 MP: 8/8
  6675 | D:7      | Found a sand-covered staircase.
  6693 | Ossuary  | Entered an ossuary
  6985 | Ossuary  | Reached skill level 14 in Axes
  7006 | Ossuary  | Reached skill level 1 in Invocations
  7105 | D:7      | Reached *** piety under Okawaru
  7120 | D:7      | Noticed Prince Ribbit
  7134 | D:7      | Killed Prince Ribbit
  7135 | D:7      | Reached skill level 5 in Fighting
  7461 | D:7      | Reached skill level 5 in Invocations
  7593 | D:7      | You are sucked into a shaft and drop 1 floor!
  8364 | D:8      | Reached **** piety under Okawaru
  8368 | D:8      | Reached XP level 10. HP: 48/84 MP: 13/13
  8699 | D:8      | Noticed Harold
  8700 | D:8      | Noticed a two-headed ogre
  8716 | D:8      | Killed Harold
  8720 | D:8      | Killed a two-headed ogre
  8800 | D:9      | Identified the +10 mace "Hocronko" {vorpal, Int+4}
  8827 | D:9      | Noticed an obsidian statue
  8892 | D:9      | Noticed a two-headed ogre
  8899 | D:9      | Killed a two-headed ogre
  8899 | D:9      | Reached ***** piety under Okawaru
  9602 | D:9      | Found a staircase to the Lair.
  9648 | D:9      | Noticed a cyclops
  9650 | D:9      | Noticed a manticore
  9655 | D:9      | Killed a cyclops
  9659 | D:9      | HP: 3/91 [manticore (6)]
  9666 | D:9      | Killed a manticore
  9667 | D:9      | Reached XP level 11. HP: 8/99 MP: 17/17
 10481 | D:10     | Entered Level 10 of the Dungeon
 10507 | D:10     | Found a shadowy altar of Dithmenos.
 10528 | D:10     | Noticed Psyche
 10618 | D:10     | Killed Psyche
 10627 | D:10     | Noticed Grum
 10628 | D:10     | Noticed Nergalle
 10639 | D:10     | Reached skill level 10 in Fighting
 10649 | D:10     | Killed Nergalle
 10649 | D:10     | Received a gift from Okawaru
 10952 | D:10     | Killed Grum
 10959 | D:10     | Reached skill level 10 in Invocations
 11377 | D:10     | Noticed Erica
 11387 | D:10     | Killed Erica
 11915 | D:10     | Noticed a two-headed ogre
 11921 | D:10     | Killed a two-headed ogre
 12052 | D:11     | Noticed an eight-headed hydra
 12062 | D:11     | Killed an eight-headed hydra
 12063 | D:11     | Reached skill level 15 in Axes
 12295 | D:11     | Received a gift from Okawaru
 12296 | D:11     | Reached XP level 12. HP: 62/112 MP: 18/18
 12649 | D:11     | Found a shimmering blue altar of Sif Muna.
 12915 | D:11     | Found a staircase to the Orcish Mines.
 12958 | D:11     | Reached skill level 16 in Axes
 13172 | Lair:1   | Entered Level 1 of the Lair of Beasts
 13242 | Lair:1   | Noticed Sonja
 13256 | Lair:1   | Killed Sonja
 13654 | Lair:1   | Reached skill level 17 in Axes
 14228 | Lair:1   | Noticed Maggie
 14235 | Lair:1   | Killed Maggie
 14238 | Lair:1   | Identified the +0 hat of Mungic Furph {rF- Will++ Regen+
                  | MP+9} (Okawaru gifted it to you on level 1 of the Lair of
                  | Beasts)
 14238 | Lair:1   | Received a gift from Okawaru
 14381 | Lair:1   | Identified the +10 hand crossbow "Petenwe" {vorpal, Int+4}
 14968 | Lair:2   | Reached skill level 18 in Axes
 15139 | Lair:2   | Noticed a death yak
 15148 | Lair:2   | Killed a death yak
 15148 | Lair:2   | Noticed a death yak
 15149 | Lair:2   | Reached XP level 13. HP: 119/119 MP: 20/20
 15644 | Lair:2   | Found a staircase to the Snake Pit.
 16040 | Lair:3   | Reached skill level 1 in Evocations
 16182 | Lair:3   | Identified the +5 scale mail of the Slug {*Slow rElec
                  | Will+++ Int+9} (Okawaru gifted it to you on level 3 of the
                  | Lair of Beasts)
 16182 | Lair:3   | Received a gift from Okawaru
 16566 | Lair:3   | Reached skill level 19 in Axes
 17187 | Lair:4   | Found a frozen archway.
 17193 | IceCv    | Entered an ice cave
 17195 | IceCv    | Found a transporter.
 17293 | IceCv    | Found a transporter.
 17821 | Lair:4   | Found a staircase to the Swamp.
 18393 | Lair:5   | Reached XP level 14. HP: 130/130 MP: 21/21
 18483 | Lair:5   | Found a runed translucent door.
 18483 | Lair:5   | Found a viscous altar of Jiyva.
 18483 | Lair:5   | Found a staircase to the Slime Pits.
 18577 | Lair:5   | HP: 3/130 [anaconda (10)]
 18577 | Lair:5   | Constricted to death by an anaconda

Illustrated notes

Levels and vault maps discovered:
D:1:      dpeg_arrival_rooms_b, layout_basic, st_stairs_11
D:2:      wad_lake_hut, layout_rooms, shapermc_ecumenical_altar_starsandcircs
D:3:      layout_basic, hex_medium
D:4:      layout_rooms, minmay_temple_entry_statues_fountains, goddamned_bats
D:5:      layout_loops_cross, lemuel_flamethrower_2, uniq_duvessa
D:6:      layout_basic, uniq_pikel
D:7:      layout_rooms, enter_ossuary_3, uniq_prince_ribbit1
D:8:      layout_cave_pools, serial_glass, glass_columns_c, glass_columns_a,
          uniq_harold
D:9:      layout_basic, lair_entry_dummy, chequers_avenue, minivault_16,
          hangedman_corner_corridor
D:10:     layout_basic, nicolae_dithmenos_through_a_glass_darkly, uniq_psyche,
          uniq_erica, uniq_grum, uniq_nergalle
D:11:     layout_gridville, orc_0_dummy, led_sif_pool
Temple:   compressed_dpeg_circular_temple
Lair:1:   layout_long_grid, grunt_megastairs_1, uniq_maggie, uniq_sonja
Lair:2:   layout_regular_city, minmay_snake_entry_guardpost_large,
          grunt_forest_large_clearings
Lair:3:   layout_cave_pods, minmay_lair_oklob_bushes
Lair:4:   layout_hall_layers, swamp_mist_pool, portal_ice_cave_entry_pillars_2,
          lemuel_fruit_tree, grunt_megastairs_3
Lair:5:   nzn_winding_woodlands_stair_cross [nzn_winding_woodlands_5x15_garden,
          nzn_winding_woodlands_center_diamonds,
          nzn_winding_woodlands_5x15_sawtooth,
          nzn_winding_woodlands_5x5_default, nzn_winding_woodlands_5x5_cross,
          nzn_winding_woodlands_5x15_zeroes, nzn_winding_woodlands_center_lodge,
          nzn_winding_woodlands_5x15_parted], layout_layer_cave, slime_altar_2,
          st_stairs_7

Skill      XL: |  1  2  3  4  5  6  7  8  9 10 11 12 13 |
---------------+----------------------------------------+-----
Axes           | 3 4 5 6 7 9 11 13 14 15 18 19 | 19.5
Fighting       | 6 9 12 13 | 13.8
Invocations    | 6 9 10 11 | 11.6
Evocations     | 4 |  4.1
Armour         | |  3.6
Shields        | |  3.6

Action                   |  1- 3 |  4- 6 |  7- 9 | 10-12 | 13-15 || total
-------------------------+-------+-------+-------+-------+-------++-------
Melee: War axe           |   123 |    81 |   142 |       |       ||   346
       Headbutt          |    12 |     7 |    50 |    84 |    64 ||   217
       Battleaxe         |       |       |    75 |   344 |   223 ||   642
       Mace              |       |       |       |     9 |    21 ||    30
       Punch             |       |       |       |       |     2 ||     2
Throw: Dart              |       |       |     2 |     6 |       ||     8
       Throwing net      |       |       |       |     1 |       ||     1
Invok: Heroism           |       |       |       |    16 |    13 ||    29
       Finesse           |       |       |       |       |     3 ||     3
  Use: Potion            |     1 |     1 |     1 |     4 |     1 ||     8
       Scroll            |       |       |     9 |     4 |     4 ||    17
Armor: Scale mail        |    71 |    83 |    13 |       |   101 ||   268
       Ring mail         |       |       |   100 |   208 |    36 ||   344
Dodge: Dodged            |    56 |    76 |   101 |   197 |   114 ||   544
